 Dungeon Crawl Stone Soup version 0.31.0-12-g77e489cdc1 (webtiles) character file.

Game seed: 2453020126727677507

882 Gadfly the Trooper (level 8, -2/83 HPs)
             Began as an Oni Berserker on Feb 27, 2024.
             Was an Elder of Trog.
             Slain by an ogre
             ... wielding a +0 giant club
              (15 damage)
             ... on level 5 of the Dungeon.
             The game lasted 00:06:39 (4749 turns).

Gadfly the Trooper (Oni Berserker)                  Turns: 4749, Time: 00:06:40

Health: -2/83      AC:  4    Str: 22    XL:     8   Next: 5%
Magic:  8/8        EV: 10    Int:  8    God:    Trog [****..]
Gold:   368        SH:  0    Dex: 10    Spells: 7/7 levels left

rFire   . . .        b - +1 dagger (venom)
rCold   . . .        (no shield)
rNeg    . . .        d - +1 animal skin
rPois   .            (helmet restricted)
rElec   .            (no cloak)
rCorr   .            (gloves unavailable)
SInv    .            (boots unavailable)
Will    .....        (no amulet)
Stlth   +            (no ring)
HPRegen 0.33/turn    (no ring)
MPRegen 0.11/turn

%: no passive effects
@: marked
A: large, unfitting armour, horns 1, tough skin 1, double potion healing,
drunken brawling
a: Renounce Religion, Berserk, Trog's Hand, Brothers in Arms


You were on level 5 of the Dungeon.
You worshipped Trog.
Trog was greatly pleased with you.
You visited 2 branches of the dungeon, and saw 7 of its levels.

You collected 368 gold pieces.

Inventory:

Hand Weapons
 a - a +0 flail of holy wrath
 b - a +1 dagger of venom (weapon)
 k - a +0 flail
Armour
 d - a +1 animal skin (worn)
Jewellery
 e - a ring of ice
Scrolls
 l - a scroll of teleportation
Potions
 g - a potion of curing
 h - a potion of enlightenment {unknown}
 i - a potion of mutation


   Skills:
 + Level 5.8 Fighting
 * Level 5.5 Maces & Flails
 * Level 4.0 Armour
 - Level 2.6 Dodging
 * Level 3.7 Evocations


You had 7 spell levels left.
You didn't know any spells.
Your spell library was empty.

Dungeon Overview and Level Annotations

Branches:
Dungeon (6/15)             Temple (1/1) D:4

Altars:
Ashenzari
Dithmenos
Elyvilon
Fedhas
Gozag
Hepliaklqana
Kikubaaqudgha
Makhleb
Nemelex Xobeh
Qazlal
Sif Muna
Trog
Vehumet
Xom
Yredelemnul
Zin
The Shining One


Innate Abilities, Weirdness & Mutations

You are too large for most types of armour.
You have a pair of small horns on your head.
You have tough skin. (AC +1)
You gain doubled healing and magic from potions.
Whenever you drink a healing potion, you attack all around you.


Message History

Trog accepts your kill.
You completely miss the gnoll. You headbutt the gnoll.
The gnoll is moderately wounded.
An ogre comes into view. It is wielding a +0 giant club.
The gnoll hits you with a +0 whip.
You closely miss the gnoll. Your headbutt misses the gnoll.
The gnoll is moderately wounded.
The gnoll hits you with a +0 whip.
You hit the gnoll but do no damage.
The gnoll is poisoned.
You headbutt the gnoll! You punch the gnoll.
The gnoll is almost dead.
The gnoll hits you with a +0 whip!
You hit the gnoll.
You kill the gnoll!
Trog accepts your kill.
You hit the ogre.
The ogre is poisoned.
The ogre is lightly wounded.
The ogre closely misses you.
You hit the ogre.
The ogre looks even sicker.
You headbutt the ogre, but do no damage.
The ogre is lightly wounded.
The ogre hits you with a +0 giant club!!
* * * LOW HITPOINT WARNING * * *
You are too injured to fight recklessly!
You are too injured to fight recklessly!
You are too injured to fight recklessly!
You are too injured to fight recklessly!
You are too injured to fight recklessly!
You are too injured to fight recklessly!
You are too injured to fight recklessly!
You are too injured to fight recklessly!
You are too injured to fight recklessly!
You are too injured to fight recklessly!
You are too injured to fight recklessly!
An ogre is nearby!
Unknown command.
You hit the ogre.
The ogre looks as sick as possible!
The ogre is moderately wounded.
The ogre attacks as it pursues you! The ogre hits you with a +0 giant club!
You die...

#.# ##.......## ##.##
#.........####...#####
+.........+...........
#.........####...#####
#.......# ##.##
#.....# #.#.# #...#
#..## #@# #.## #O# #.#
#.########.#
##........#.#
##...##....#.#
#.....#....#!#
.#######..........)#
............>......#
########...........#


You could see an ogre (extremely poisoned).

Vanquished Creatures
  An ice beast (D:6)
  An ogre (D:5)
  2 phantoms (D:4)
  A howler monkey (D:4)
  2 bombardier beetles
  2 hounds
  An orc priest (D:5)
  An iguana (D:5)
  3 orc wizards
  Robin (D:3)
  6 gnolls (D:5)
  4 adders
  A ribbon worm (D:4)
  2 dart slugs
  23 orcs
  4 ball pythons
  10 endoplasms
  5 giant cockroaches
  15 goblins
  8 hobgoblins
  10 jackals
  5 quokkas
  7 bats
  4 frilled lizards (D:2)
  6 kobolds
  7 rats
132 creatures vanquished.

Notes
Turn   | Place    | Note
-------+----------+-------------------------------------------
     0 | D:1      | Gadfly the Oni Berserker began the quest for the Orb.
     0 | D:1      | Reached XP level 1. HP: 24/24 MP: 1/1
   168 | D:1      | Reached XP level 2. HP: 29/32 MP: 2/2
   417 | D:1      | Found a faded altar of an unknown god.
   516 | D:1      | Reached skill level 1 in Evocations
   516 | D:1      | Reached XP level 3. HP: 39/39 MP: 3/3
   580 | D:2      | Reached skill level 1 in Armour
   804 | D:2      | Reached ** piety under Trog
  1644 | D:3      | Reached XP level 4. HP: 48/49 MP: 4/4
  1801 | D:3      | Noticed Robin
  1815 | D:3      | Reached XP level 5. HP: 29/55 MP: 5/5
  1996 | D:3      | HP: 1/55 [orc/+0 falchion (3)]
  2158 | D:3      | Reached *** piety under Trog
  2208 | D:3      | Killed Robin
  2216 | D:3      | Found a shadowy altar of Dithmenos.
  2218 | D:3      | Found a radiant altar of Vehumet.
  2846 | D:4      | Noticed a phantom
  2864 | D:4      | Killed a phantom
  2865 | D:4      | Reached skill level 5 in Fighting
  2865 | D:4      | Reached XP level 6. HP: 43/66 MP: 6/6
  2989 | D:4      | Found a staircase to the Ecumenical Temple.
  3120 | Temple   | Entered the Ecumenical Temple
  3554 | D:4      | Reached XP level 7. HP: 71/72 MP: 7/7
  3691 | D:4      | Reached **** piety under Trog
  3873 | D:5      | Entered Level 5 of the Dungeon
  3875 | D:5      | Found a white marble altar of Elyvilon.
  3875 | D:5      | Found a blossoming altar of Fedhas.
  3924 | D:5      | Reached skill level 5 in Maces & Flails
  4147 | D:5      | You fall into a shaft and drop 1 floor!
  4546 | D:5      | Reached XP level 8. HP: 33/83 MP: 8/8
  4749 | D:5      | Slain by an ogre

Illustrated notes

Levels and vault maps discovered:
D:1:      dpeg_arrival_stonehenge_8_columns, layout_rooms,
          chequers_ecumenical_altar_island, minmay_distorted
D:2:      cheibrodos_old_hovel, layout_basic, nicolae_figureground_sparkle
D:3:      minmay_wonky_spiral, layout_rooms, gammafunk_temple_overflow_pools,
          grunt_decor_junction, hangedman_abyss_or_decor_lesser_grid,
          grunt_ministairs_5, uniq_robin
D:4:      layout_cave_pools, minmay_temple_entry_trees, kennysheep_flooded_box
D:5:      layout_loops_corners, gammafunk_temple_overflow_statue,
          grunt_ministairs_11, uniq_pikel
D:6:      layout_basic, serial_shops, shop
Temple:   nicolae_temple_god_jail

Skill      XL: |  1  2  3  4  5  6  7  8 |
---------------+-------------------------+-----
Evocations     | 1 2 3 |  3.7
Armour         | 1 2 3 4 |  4.0
Maces & Flails | 4 5 |  5.5
Fighting       | 5 |  5.8
Dodging        | |  2.6

Action                     |  1- 3 |  4- 6 |  7- 9 || total
---------------------------+-------+-------+-------++-------
  Melee: Mace              |   111 |    14 |       ||   125
         Headbutt          |    11 |    37 |    32 ||    80
         Dagger            |     4 |   148 |   112 ||   264
         Punch             |     1 |     3 |     1 ||     5
         Flail             |       |    64 |     4 ||    68
    Use: Scroll            |     7 |     2 |     3 ||    12
         Potion            |       |     2 |       ||     2
 Armour: Animal skin       |    85 |   173 |    71 ||   329
  Dodge: Dodged            |    53 |   120 |    44 ||   217
